 Dungeon Crawl Stone Soup version 0.31-a0-166-g46f44d267d (webtiles) character file.

Game seed: 12037920770369924545

18 qw the Shooter (level 2, -6/17 HPs)
             Began as a Gargoyle Hunter on June 13, 2023.
             Mangled by a worm (8 damage)
             ... on level 1 of the Dungeon.
             The game lasted 00:00:14 (741 turns).

qw the Shooter (Gargoyle Hunter)                     Turns: 741, Time: 00:00:14

Health: -6/17      AC:  7    Str: 14    XL:     2   Next: 70%
Magic:  2/2        EV: 10    Int:  9    God:
Gold:   16         SH:  0    Dex: 13    Spells: 1/1 levels left

rFire   . . .        Y - +0 shortbow
rCold   . . .        (shield currently unavailable)
rNeg    + . .        h - +0 ring mail
rPois   inf          (no helmet)
rElec   +            (no cloak)
rCorr   .            (no gloves)
SInv    +            (no boots)
Will    +....        k - amulet of faith
Stlth   +            i - ring of see invisible
HPRegen 0.22/turn    (no ring)
MPRegen 0.08/turn

%: faith
@: no status effects
A: sickness immunity, AC +2, negative energy resistance 1, electricity
resistance, torment resistance 1, petrification resistance, strong-willed 1,
MP-powered wands
a: no special abilities


You were on level 1 of the Dungeon.
You visited 1 branch of the dungeon, and saw 2 of its levels.

You collected 16 gold pieces.


Innate Abilities, Weirdness & Mutations

You are immune to sickness and miasma.
Your stone body is resilient. (AC +2)
You are immune to poison.
You resist negative energy. (rN+)
You are resistant to electric shocks. (rElec)
You are resistant to unholy torment.
You are immune to petrification.
You are strong-willed. (Will+)
You expend magic power (3 MP) to strengthen your wands.


   Skills:
 - Level 2.1 Fighting
 - Level 4.7 Ranged Weapons
 + Level 0.0 Armour
 - Level 1.5 Dodging
 - Level 1.1 Stealth


You had one spell level left.
You didn't know any spells.
Your spell library was empty.

Inventory:

Hand Weapons
 Y - a +0 shortbow (weapon)
Armour
 h - a +0 ring mail (worn)
Jewellery
 i - a ring of see invisible (left hand)
 k - an amulet of faith (around neck)
Scrolls
 a - a scroll of identify
Potions
 e - a potion of curing
 f - a potion of mutation
 g - a potion of brilliance {unknown}
 l - a potion of enlightenment {unknown}
 m - a potion of resistance {unknown}

Dungeon Overview and Level Annotations

Branches:
Dungeon (2/15)

Altars:
Xom


Message History

The bat hits you but does no damage. The worm bites you.
727 ||| STAIRDANCE The bat hits you but does no damage.
The bat closely misses you.
You climb upwards.
There is a stone staircase leading down here.
You shoot an arrow. The arrow hits the worm!
The worm is heavily wounded.
The worm closely misses you.
You shoot an arrow. The arrow hits the worm.
The worm is severely wounded.
The worm bites you.
You shoot an arrow. The arrow hits the worm.
The worm is severely wounded.
You shoot an arrow. The arrow hits the worm.
The worm is almost dead.
The worm bites you.
You shoot an arrow. The arrow barely misses the worm.
The worm bites you!
You shoot an arrow. The arrow barely misses the worm.
The worm bites you but does no damage.
You shoot an arrow. The arrow hits the worm.
The worm is almost dead.
The worm bites you but does no damage.
You shoot an arrow. The arrow hits the worm.
The worm is almost dead.
You shoot an arrow.
The arrow hits the worm but does no damage.
The worm is almost dead.
The worm bites you.
You shoot an arrow. The arrow hits the worm.
The worm is almost dead.
The worm completely misses you.
You shoot an arrow.
The arrow hits the worm but does no damage.
The worm is almost dead.
The worm barely misses you.
You shoot an arrow. The arrow barely misses the worm.
You shoot an arrow. The arrow barely misses the worm.
The worm bites you!
You die...

###################
..................#
#########.######..######### #.#
#..........#######
#########.######[##..............
....................#####.#.###..
##.#####..######.#### #.#.# #..
#..## #.....# #w# #.#.###.#
##.#.###...#.# #@### #.#.....#
#..##.##.#...# #...######.###.#.#
....##.#..#.####...........##.#.#
#...#.##.###.......######..##.#.#
##...###..#.####.### #..#.....
.........#..####...#### #.#.%....
##..######............# #..#.....
....# #..######.##.# #.###.###
.##.######..# #.##.# #.# #.#


You could see a worm.

Vanquished Creatures
  3 ball pythons (D:1)
  A bat (D:1)
  An endoplasm (D:1)
  3 goblins (D:1)
  A hobgoblin (D:1)
  2 quokkas (D:1)
  5 rats (D:1)
16 creatures vanquished.

Notes
Turn   | Place    | Note
-------+----------+-------------------------------------------
     0 | D:1      | qw the Gargoyle Hunter began the quest for the Orb.
     0 | D:1      | Reached XP level 1. HP: 12/12 MP: 1/1
     0 | D:1      | 0 ||| qw: Version: 0.2-a-29-gc1b59c4
     0 | D:1      | 0 ||| qw: Game counter: 4821
     0 | D:1      | 0 ||| qw: Always use a shield: true
     0 | D:1      | 0 ||| qw: God list: Okawaru
     0 | D:1      | 0 ||| qw: Allow faded altars: false
     0 | D:1      | 0 ||| qw: Do Orc after D:15 true
     0 | D:1      | 0 ||| qw: Do second Lair branch before Depths: true
     0 | D:1      | 0 ||| qw: Lair rune preference: random
     0 | D:1      | 0 ||| qw: Plans: Normal, Zot:1-4, Slime:5, God:TSO, Crypt,
                  | Tomb, Abyss, Pan, Hells, Win
     0 | D:1      | 0 ||| PLANNING D:1-11
   140 | D:1      | Reached XP level 2. HP: 17/17 MP: 2/2
   585 | D:1      | 585 ||| UPGRADING to +0 ring mail.
   595 | D:1      | 595 ||| DROPPING +0 leather armour.
   596 | D:1      | 596 ||| UPGRADING to amulet of faith.
   601 | D:1      | 601 ||| UPGRADING to ring of see invisible.
   602 | D:1      | 602 ||| READING 2 scrolls labelled RILIFA QYIMIS.
   603 | D:1      | 603 ||| READING scroll labelled DABINETEBY.
   704 | D:1      | 704 ||| DRINKING 2 sapphire potions.
   705 | D:1      | 705 ||| DRINKING 2 glowing ruby potions.
   705 | D:1      | Gained mutation: You expend magic power (3 MP) to
                  | strengthen your wands. [potion of mutation]
   705 | D:1      | Gained mutation: You are strong-willed. (Will+) [potion of
                  | mutation]
   706 | D:1      | 706 ||| DROPPING scroll of butterflies.
   722 | D:2      | Found a shimmering altar of Xom.
   727 | D:2      | 727 ||| STAIRDANCE
   733 | D:1      | HP: 3/17 [worm (8)]
   737 | D:1      | HP: 1/17 [worm (3)]
   741 | D:1      | Mangled by a worm

Levels and vault maps discovered:
D:1:      lemuel_arrival_room, layout_loops_ring
D:2:      layout_loops_ring, basic_altar, uniq_terence

Action                     || total
---------------------------++-------
   Fire: Shortbow          ||    48
    Use: Scroll            ||     2
         Potion            ||     2
 Armour: Leather armour    ||     2
         Ring mail         ||     5
  Dodge: Dodged            ||    11

Table legend:
 A = Non-vault XP
 B = Vault XP
 C = Vault XP percentage of total XP
 D = Non-vault monster count
 E = Vault monster count
 F = Vault count percentage of total count
                 A         B        C        D         E       F
            +---------+---------+-------+---------+---------+-------
      Total |      27 |       0 |   0.0 |      16 |       0 |   0.0
            +---------+---------+-------+---------+---------+-------
        D:1 |      27 |       0 |   0.0 |      16 |       0 |   0.0
            +---------+---------+-------+---------+---------+-------
